 Dungeon Sprint DCSS version 0.31.0 (webtiles) character file.

Game seed: 6462095854353487320

37 Groucho the Trooper (level 3, -6/36 HPs)
             Began as a Naga Fighter on Jan 20, 2024.
             Mangled by an ogre
             ... wielding a +0 giant spiked club
              (26 damage)
             ... in the Dungeon (Sprint IX: "|||||||||||||||||||||||||||||").
             The game lasted 00:00:34 (163 turns).

Groucho the Trooper (Naga Fighter)                   Turns: 163, Time: 00:00:35

Health: -6/36      AC:  4    Str: 18    XL:     3   Next: 39%
Magic:  2/5        EV:  7    Int: 10    God:
Gold:   0          SH:  4    Dex: 10    Spells: 2/2 levels left

rFire   . . .        a - +0 war axe
rCold   . . .        c - +0 buckler
rNeg    . . .        b - +0 scale mail
rPois   +            (no helmet)
rElec   .            (no cloak)
rCorr   .            (no gloves)
SInv    +            (no barding)
Will    .....        (no amulet) Stlth
                     (no ring)
HPRegen 0.26/turn    (no ring)
MPRegen 0.09/turn

%: no teleportation
@: on berserk cooldown, slowed, very slow
A: AC +1, large, see invisible, deformed body, poison resistance, slowness 2,
spit poison 1, naga tail 1
a: Spit Poison


You were in the Dungeon.
You visited 1 branch

Inventory:

Hand Weapons
 a - a +0 war axe (weapon)
Armour
 b - a +0 scale mail (worn)
 c - a +0 buckler (worn)
Scrolls
 j - a scroll of blinking
Potions
 d - a potion of might
 e - a potion of curing
 g - a potion of haste
 h - 2 potions of magic


   Skills:
 + Level 4.0 Fighting
 + Level 3.2 Axes
 + Level 3.2 Armour
 + Level 3.5 Shields
 * Level 3.8 Invocations


You had 2 spell levels left.
You didn't know any spells.
Your spell library was empty.

Dungeon Overview and Level Annotations

Branches:
Dungeon (1/1)

Altars:


Innate Abilities, Weirdness & Mutations

Your serpentine skin is tough. (AC +1)
You have supernaturally acute eyesight. (SInv)
Armour fits poorly on your strangely shaped body.
Your system is resistant to poisons. (rPois)
You cover ground very slowly.
You can spit poison.
You have a snake-like lower body.


Message History

You closely miss the hound.
The hound is heavily wounded.
The hound bites you.
The jackal pauses to sniff the ground.
You block the hound's attack.
You closely miss the hound.
The hound is heavily wounded.
You block the hound's attack.
You slash the hound!
You kill the hound!
Your Fighting skill increases to level 4!
Your Axes skill increases to level 3!
Your Armour skill increases to level 3!
Your Invocations skill gained 2 levels and is now at level 3!
You have reached level 2!
You have reached level 3!
Your experience leads to an increase in your attributes!
Increase (S)trength, (I)ntelligence, or (D)exterity?
You feel clever. x2; Your skin feels tougher.
Unknown command.
Unknown command.
Unknown command.
You slash the ogre!
The ogre is moderately wounded.
The ogre hits you with a +0 giant spiked club!!
Ouch! That really hurt!
* * * LOW HITPOINT WARNING * * *
You are too injured to fight recklessly!
You are too injured to fight recklessly!
You are too injured to fight recklessly!
You hit the ogre.
The ogre is heavily wounded.
You are no longer berserk.
You are exhausted.
You feel yourself slow down.
Unknown command.
Unknown command.
You feel much better.
The ogre hits you with a +0 giant spiked club!!
Ouch! That really hurt!
You die...

▓+▓
▓.▓
▓.▓
▓J▓
▓h▓
▓W▓
▓O▓
▓@▓
▓.▓
▓.▓
▓.▓
▓.▓
▓)▓
▓.▓
▓.▓
▓.▓


You could see an ogre, a phantom, a jelly and a jackal.

Vanquished Creatures
  A hound (D)
  A bat (D)
  A hobgoblin (D)
  A quokka (D)
  A goblin (D)
  A kobold (D)
6 creatures vanquished.

Notes
Turn   | Place    | Note
-------+----------+-------------------------------------------
     0 | D        | Groucho the Naga Fighter began the quest for the Orb.
     0 | D        | Reached XP level 1. HP: 21/21 MP: 1/1
     9 | D        | Reached skill level 1 in Invocations
   147 | D        | Noticed a jelly
   147 | D        | Noticed a phantom
   147 | D        | Noticed an ogre
   147 | D        | Noticed a hound
   160 | D        | Killed a hound
   161 | D        | Reached skill level 4 in Fighting
   161 | D        | Reached XP level 2. HP: 24/30 MP: 2/4
   161 | D        | Reached XP level 3. HP: 29/36 MP: 2/5
   161 | D        | HP: 2/54 [ogre/+0 giant spiked club (28)]
   163 | D        | Mangled by an ogre

Illustrated notes

Levels and vault maps discovered:
D:        linesprint [early_d, line_temple, items_1, d_10, items_2, lair_1,
          lair_end, items_3, orc_1, orc_end, items_4, d_15, swamp_1, shoals_1,
          snake_1, spider_1, d_20, vaults_1, items_5, swamp_end, shoals_end,
          snake_end, spider_end, vaults_end, d_27, items_6, zot_1, zot_end,
          crypt_end, forest_end, elf_end, slime_end, tomb_end, abyss_end,
          pan_hell_end]

Skill      XL: |  1 |
---------------+----+-----
Invocations    | 3 |  3.8
Shields        | 3 |  3.5
Fighting       | 4 |  4.0
Axes           | 3 |  3.2
Armour         | 3 |  3.2

Action                     || total
---------------------------++-------
  Melee: War axe           ||    24
    Use: Potion            ||     2
 Armour: Scale mail        ||    24
  Dodge: Dodged            ||     6
  Block: Buckler           ||     2
